 Dungeon Crawl Stone Soup version 0.17.2 (webtiles) character file.

5873 ololoev the Carver (level 10, 0/70 HPs)
             Began as a Mummy Chaos Knight on May 30, 2016.
             Slain by a killer bee (10 damage)
             ... on level 9 of the Dungeon.
             The game lasted 00:25:00 (11613 turns).

ololoev the Carver (Mummy Chaos Knight)            Turns: 11613, Time: 00:25:00

Health: 0/70       AC: 17    Str: 20    XL:     10   Next: 52%
Magic:  19/19      EV:  7    Int: 12    God:    Xom [...*..]
Gold:   506        SH:  0    Dex: 13    Spells: 0 memorised, 9 levels left

rFire  x . .     SeeInvis .     a - +3 scimitar (freeze)
rCold  + . .     Clarity  +     g - +0 plate armour
rNeg   + + +     SustAt   .     (no shield)
rPois  ∞         Gourm    .     n - +0 helmet
rElec  .         Spirit   .     r - +0 cloak
rCorr  .         Warding  .     (no gloves)
rMut   .         Stasis   .     (no boots)
MR     ++...                    s - amulet of clarity
Stlth  ..........               l - ring of protection from magic
                                u - ring of the Octopus King {MP+9 AC+1 EV+1 Str+1 Int+1 Dex+1}

@: about to teleport, very resistant to hostile enchantments, extremely
unstealthy
A: no food or potions, fire vulnerability, cold resistance 1, negative energy
resistance 3, torment resistance, unbreathing
a: Renounce Religion


Innate Abilities, Weirdness & Mutations

You do not eat or drink.
Your flesh is vulnerable to fire.
You are immune to poison.
Your flesh is cold resistant.
You are immune to negative energy.
You are immune to unholy pain and torment.
You can survive without breathing.

Inventory:

Hand Weapons
 a - a +3 scimitar of freezing (weapon)
 b - a +0 scimitar of protection
 x - a +3 great sword of freezing
Missiles
 k - 5 javelins of returning (quivered)
 o - a throwing net
Armour
 g - a +0 plate armour (worn)
 n - a +0 helmet (worn)
 r - a +0 cloak (worn)
Jewellery
 l - a ring of protection from magic (right hand)
 s - an amulet of clarity (around neck)
 u - a ring of the Octopus King (left hand) {MP+9 AC+1 EV+1 Str+1 Int+1 Dex+1}
   (You found it on level 8 of the Dungeon)

   [ring of magical power]

   It affects your AC (+1).
   It affects your evasion (+1).
   It affects your strength (+1).
   It affects your intelligence (+1).
   It affects your dexterity (+1).
   It affects your magic capacity (+9).
 v - a +2 ring of evasion
Scrolls
 c - 3 scrolls of magic mapping
 d - 2 scrolls of immolation {unknown}
 e - 2 scrolls of noise
 f - 4 scrolls of blinking {unknown}
 h - 2 scrolls of random uselessness {unknown}
 i - 3 scrolls of teleportation
 j - 4 scrolls of enchant weapon {unknown}
 m - 2 scrolls of amnesia
 p - 6 scrolls of remove curse
 q - a scroll of torment {unknown}
 t - 3 scrolls of recharging {unknown}
 w - a scroll of identify {unknown}


   Skills:
 - Level 3.0 Fighting
 * Level 11.1 Long Blades
 + Level 7.8 Armour
 - Level 0.7 Dodging


You had 9 spell levels left.
You didn't know any spells.


You were on level 9 of the Dungeon.
You worshipped Xom.
You were a favourite toy of Xom.
You were not hungry.

You visited 1 branch of the dungeon, and saw 9 of its levels.

You collected 506 gold pieces.

#............#
#............#
#...........##
#...........#
#.......≈...#
#.....≈≈≈...# *#######*
#.....≈≈....#
*%.yyyyy####...≈≈≈≈....#
*.yyyyyy@y##.....≈≈≈...#
*%.yyyyy#y##....≈≈≈≈...#
*%%%yyyy#.##...........#
*########..............#
*(.................[.#
*............#########
*########.......#######
#.......##.....
###.....##.....

Notes
Turn   | Place    | Note
--------------------------------------------------------------
     0 | D:1      | ololoev the Mummy Chaos Knight began the quest for the Orb.
     0 | D:1      | Reached XP level 1. HP: 18/18 MP: 1/1
    17 | D:1      | XOM: silly message
   108 | D:1      | Reached XP level 2. HP: 21/24 MP: 2/2
   162 | D:1      | XOM: silly message
   320 | D:1      | XOM: silly message
   485 | D:1      | XOM: colour smoke trail
   520 | D:1      | XOM: noise
   975 | D:1      | XOM: divination: magic mapping
  1068 | D:2      | Reached XP level 3. HP: 29/29 MP: 3/3
  1132 | D:2      | XOM: mild Summ miscast
  1133 | D:2      | Noticed a spatial vortex
  1401 | D:2      | XOM: harmless Divn miscast
  1416 | D:2      | XOM: harmless Trmt miscast
  1467 | D:2      | Reached XP level 4. HP: 14/35 MP: 4/4
  1803 | D:2      | Found a glowing golden altar of the Shining One.
  1871 | D:2      | Noticed Sigmund
  1871 | D:2      | XOM: summons friendly white imp
  2196 | D:3      | XOM: smoke on damage
  2446 | D:3      | Noticed a phantom
  2466 | D:3      | XOM: divination: detect creatures
  2516 | D:3      | XOM: harmless Ice miscast
  2521 | D:3      | Noticed Robin
  2544 | D:3      | Killed Robin
  2544 | D:3      | Reached skill level 4 in Long Blades
  2833 | D:3      | XOM: divination: detect items
  2848 | D:3      | Reached XP level 5. HP: 41/41 MP: 5/5
  2900 | D:3      | XOM: cast spell 'Metabolic Englaciation'
  2902 | D:3      | XOM: harmless Air miscast
  2905 | D:3      | XOM: cast spell 'Summon Butterflies'
  2946 | D:3      | XOM: medium Trmt miscast
  3233 | D:2      | Killed Sigmund
  3233 | D:2      | Reached XP level 6. HP: 5/47 MP: 6/6
  3254 | D:2      | XOM: harmless Air miscast
  3630 | D:3      | XOM: medium Divn miscast
  3792 | D:3      | Killed a phantom
  3792 | D:3      | Reached skill level 5 in Long Blades
  4039 | D:4      | Reached XP level 7. HP: 52/52 MP: 7/7
  4065 | D:4      | XOM: medium Air miscast
  4103 | D:4      | XOM: summons friendly white imp
  4409 | D:4      | XOM: confuse monster(s)
  4587 | D:4      | XOM: divination: detect creatures
  4698 | D:4      | XOM: harmless Summ miscast
  4826 | D:4      | Reached skill level 6 in Long Blades
  4935 | D:4      | XOM: medium Fire miscast
  4995 | D:4      | XOM: colour smoke trail
  5036 | D:4      | XOM: harmless Chrm miscast
  5132 | D:4      | XOM: god gift: 3 large rocks
  5145 | D:5      | Entered Level 5 of the Dungeon
  5332 | D:5      | XOM: potion effect (agility)
  5457 | D:5      | Found a glowing silver altar of Zin.
  5988 | D:6      | XOM: enchant monster (good)
  6056 | D:6      | XOM: summons friendly white imp
  6073 | D:6      | XOM: summons 1 hostile demon
  6093 | D:5      | Reached XP level 8. HP: 24/58 MP: 8/8
  6280 | D:6      | Reached skill level 7 in Long Blades
  6367 | D:6      | XOM: divination: magic mapping
  6409 | D:6      | XOM: polymorph orc -> adder
  6467 | D:6      | XOM: harmless Fire miscast
  6570 | D:6      | XOM: summons 4 friendly demons
  6589 | D:6      | XOM: polymorph orc warrior -> centaur
  6621 | D:6      | Reached skill level 5 in Armour
  6720 | D:6      | XOM: cast spell 'Excruciating Wounds'
  6911 | D:6      | XOM: colour smoke trail
  6912 | D:6      | XOM: harmless Pois miscast
  7129 | D:6      | Found a staircase to the Ecumenical Temple.
  7346 | D:6      | XOM: colour smoke trail
  7356 | D:6      | XOM: noise
  7425 | D:6      | XOM: enchant monster (bad)
  7468 | D:6      | XOM: medium Hex miscast
  7496 | D:6      | XOM: god gift: meat ration
  7563 | D:6      | XOM: cast spell 'Summon Butterflies'
  7634 | D:6      | Noticed Grinder
  7635 | D:6      | Paralysed by Grinder for 2 turns
  7655 | D:6      | XOM: potion effect (might)
  7656 | D:6      | XOM: enchant monster (bad)
  7659 | D:6      | Killed Grinder
  7659 | D:6      | Reached skill level 8 in Long Blades
  7762 | D:7      | Found Giross's Antique Weapon Shop.
  7827 | D:7      | Reached XP level 9. HP: 60/63 MP: 9/9
  7832 | D:7      | Found a white marble altar of Elyvilon.
  7856 | D:7      | XOM: 1-stop teleportation journey
  7875 | D:7      | XOM: enchant monster (bad)
  7888 | D:7      | XOM: blink monster(s)
  7895 | D:7      | XOM: enchant monster (bad)
  7919 | D:7      | Found an ancient bone altar of Kikubaaqudgha.
  7996 | D:7      | XOM: noise
  8006 | D:7      | XOM: polymorph killer bee -> river rat
  8092 | D:7      | XOM: fog
  8119 | D:7      | Reached skill level 9 in Long Blades
  8486 | D:7      | XOM: enchant monster (good)
  8576 | D:7      | Noticed Joseph
  8585 | D:7      | XOM: summons friendly quasit
  8588 | D:7      | XOM: confuse monster(s)
  8600 | D:7      | XOM: enchant monster (bad)
  8603 | D:7      | XOM: enchant monster (bad)
  8612 | D:7      | Killed Joseph
  8898 | D:7      | XOM: silly message
  9132 | D:8      | XOM: medium Fire miscast
  9415 | D:8      | XOM: stat loss: -1 Str (17/18)
  9498 | D:8      | XOM: harmless Divn miscast
  9725 | D:8      | Got a ring of the Octopus King
  9727 | D:8      | Identified a ring of the Octopus King {MP+9 AC+1 EV+1 Str+1 Int+1 Dex+1} (You found it on level 8 of the Dungeon)
  9858 | D:8      | Found a shimmering altar of Xom.
  9907 | D:8      | Reached skill level 10 in Long Blades
  9943 | D:8      | Found a burning altar of Makhleb.
  9946 | D:8      | Found a snail-covered altar of Cheibriados.
  9947 | D:8      | Found an opulent altar of Gozag.
  9948 | D:8      | Found a bloodstained altar of Trog.
 10030 | D:8      | XOM: potion effect (agility)
 10139 | D:8      | Found a white marble altar of Elyvilon.
 10142 | D:8      | Found a sacrificial altar of Ru.
 10145 | D:8      | Found a basalt altar of Yredelemnul.
 10333 | D:9      | Reached XP level 10. HP: 70/70 MP: 10/10
 10410 | D:9      | XOM: noise
 10489 | D:9      | XOM: mild Summ miscast
 10502 | D:9      | XOM: harmless Chrm miscast
 10558 | D:9      | XOM: silly message
 10574 | D:9      | Found a staircase to the Lair.
 10590 | D:9      | XOM: enchant monster (bad)
 10631 | D:9      | XOM: divination: detect creatures
 10680 | D:9      | XOM: divination: detect items
 11010 | D:9      | XOM: divination: detect creatures
 11116 | D:9      | XOM: enchant monster (bad)
 11196 | D:9      | Noticed an ogre mage
 11240 | D:9      | Killed an ogre mage
 11243 | D:9      | XOM: scenery: 2 doors close
 11363 | D:9      | XOM: enchant monster (good)
 11503 | D:8      | XOM: enchant monster (good)
 11507 | D:8      | Reached skill level 11 in Long Blades
 11528 | D:9      | XOM: blink monster(s)
 11555 | D:9      | XOM: divination: detect creatures
 11595 | D:9      | XOM: divination: magic mapping
 11607 | D:9      | XOM: swap monsters
 11613 | D:9      | Slain by a killer bee

Dungeon Overview and Level Annotations

Branches:
Dungeon (9/15)             Temple (0/1) D:6            Lair (0/8) D:9
    Orc: D:9-12

Altars:
Cheibriados
Elyvilon
Gozag
Kikubaaqudgha
Makhleb
Ru
Trog
Xom
Yredelemnul
Zin
The Shining One

Shops:
D:7 (


Message History

The killer bee stings you but does no damage.
The killer bee stings you.
The killer bee stings you but does no damage. x2
The killer bee stings you. x2
The killer bee stings you but does no damage.
Unknown command.
You miss the killer bee.
The killer bee stings you but does no damage. x2
The killer bee stings you. x3
The queen bee calls on the killer bee to defend it!
The killer bee goes berserk!
The killer bee stings you but does no damage.
The killer bee stings you.
The killer bee stings you but does no damage.
The killer bee stings you.
The killer bee stings you but does no damage.
Unknown command.
You aren't carrying any items that can be evoked.
Unknown command.
Read which item? (? for menu, Esc to quit)
As you read the scroll labeled QAGIONAESU, it crumbles to dust.
You feel forgetful for a moment.
It was a scroll of amnesia.
The killer bee barely misses you. x2
The killer bee stings you but does no damage. x3
The killer bee barely misses you.
The queen bee calls on the killer bee to defend it!
The killer bee goes berserk!
The queen bee calls on the killer bee to defend it!
The killer bee goes berserk!
Xom thinks this is hilarious!
The killer bee stings you. x3
The killer bee stings you but does no damage. x2
Unknown command.
Unknown command.
Read which item? (? for menu, Esc to quit)
As you read the scroll labeled WUOG CAYNUCH, it crumbles to dust.
You feel blessed for a moment.
It was a scroll of remove curse.
The killer bee stings you!
You die...
Xom guffaws!

You could see a queen bee and 21 killer bees.

Vanquished Creatures
  An ogre mage (D:9)
  Joseph (D:7)
  Grinder (D:6)
  Sigmund (D:2)
  A trapdoor spider (D:9)
  2 hungry ghosts
  3 hippogriffs
  A mottled dragon (D:9)
  2 sky beasts
  A black bear (D:6)
  2 ice beasts
  3 phantoms
  5 ogres
  3 centaurs
  A big kobold (D:7)
  3 giant frogs
  9 wights
  2 scorpions
  3 spriggan skeletons (D:9)
  8 killer bees
  3 giant frog zombies
  2 hounds
  2 crimson imps
  2 giant frog skeletons
  2 jellies (D:6)
  2 centaur skeletons (D:9)
  An iguana (D:9)
  2 orc priests
  4 orc wizards
  9 worker ants
  2 hound skeletons
  Robin (D:3)
  3 gnolls (D:4)
  A worker ant zombie (D:6)
  16 adders
  A river rat (D:7)
  6 shadow imps
  An ooze (D:1)
  2 adder zombies
  2 worms (D:4)
  5 giant geckos
  21 orcs
  11 bats
  A giant cockroach (D:4)
  6 hobgoblins (D:3)
  19 jackals
  A quokka (D:2)
  2 ball pythons
  6 giant newts
  19 goblins
  11 kobolds
  A quokka skeleton (D:8)
  16 rats
236 creatures vanquished.

Vanquished Creatures (collateral kills)
  An orc (D:6)
  A quokka (D:7)
2 creatures vanquished.

Vanquished Creatures (others)
  A troll (D:8)
  A giant cockroach (D:3)
  A quokka (D:7)
3 creatures vanquished.

Grand Total: 241 creatures vanquished

Action                   |  1- 3 |  4- 6 |  7- 9 | 10-12 || total
-------------------------+-------+-------+-------+-------++-------
Melee: Falchion          |   130 |   128 |   329 |       ||   587
       Dagger            |       |    21 |    19 |       ||    40
       Scimitar          |       |       |   410 |   219 ||   629
Throw: Javelin           |       |     9 |    24 |       ||    33
       Throwing net      |       |       |     1 |       ||     1
Evoke: Wand              |       |     6 |     8 |       ||    14
  Use: Scroll            |       |       |       |     5 ||     5
 Stab: Confused          |       |     2 |     9 |       ||    11
       Paralysed         |       |       |     7 |       ||     7
       Petrifying        |       |       |     1 |       ||     1
       Petrified         |       |       |     2 |       ||     2

Vault maps used:
D:1:      dpeg_arrival_ratfight, grunt_decor_clamped
D:2:      lemuel_coloured_pillars_altar, uniq_sigmund
D:3:      nicolae_overflow_hidden_temple, first_bread, hangedman_decor_lopped,
          minmay_door_square, uniq_robin
D:4:      nrook_mini_backslash
D:5:      basic_altar
D:6:      minmay_temple_entry_statues, uniq_grinder
D:7:      kennysheep_mini, serial_shops, nicolae_shop_waterfront,
          nicolae_ossuary_entry_plus, elyvilon_altar_4, uniq_joseph
D:8:      lemuel_crystal_altar, minitemple, grunt_temple_overflow_diamond
D:9:      lair_0_dummy, special_room, hangedman_tell_no_tales, minmay_evil_grid
